 Dungeon Crawl Stone Soup version 0.21.1-1-g345015fe64 (webtiles) character file.

422 Peloso the Covered (level 6, 0/55 HPs)
             Began as a Minotaur Fighter on July 27, 2018.
             Slain by an ogre
             ... wielding a +0 giant club
              (18 damage)
             ... on level 4 of the Dungeon on July 28, 2018.
             The game lasted 00:10:15 (2479 turns).

Peloso the Covered (Minotaur Fighter)               Turns: 2479, Time: 00:10:15

Health: 0/55       AC:  7    Str: 21    XL:     6   Next: 63%
Magic:  5/5        EV:  8    Int:  5    God:
Gold:   146        SH: 10    Dex: 11    Spells: 5/5 levels left

rFire    . . .     SeeInvis +   a - +0 long sword
rCold    + . .     Gourm    .   c - +0 shield
rNeg     . . .     Faith    +   b - +0 scale mail
rPois    .         Spirit   .   (helmet restricted)
rElec    .         Reflect  .   (no cloak)
rCorr    .         Harm     .   (no gloves)
MR       .....                  (no boots)
Stlth    ..........             m - amulet of faith
HPRegen  0.18/turn              n - ring of see invisible
MPRegen  0.09/turn              q - ring of protection from cold

@: lethally poisoned (0 -> -1)
A: retaliatory headbutt, horns 2
a: no special abilities


You were on level 4 of the Dungeon.
You were not hungry.

You visited 1 branch of the dungeon, and saw 5 of its levels.

You collected 146 gold pieces.

Inventory:

Hand Weapons
 a - a +0 long sword (weapon)
Armour
 b - a +0 scale mail (worn)
 c - a +0 shield (worn)
Jewellery
 m - an amulet of faith (around neck)
 n - a ring of see invisible (left hand)
 q - a ring of protection from cold (right hand)
Wands
 j - a wand of random effects (27)
Scrolls
 e - a scroll of enchant weapon {unknown}
 g - a scroll of remove curse {unknown}
 i - a scroll of enchant armour {unknown}
 l - 2 scrolls of identify {unknown}
 r - 6 scrolls of teleportation {unknown}
 s - a scroll of fear {unknown}
 u - a scroll of immolation {unknown}
Potions
 d - a potion of might
 h - a potion of mutation {unknown}
 o - 2 potions of flight {unknown}
 p - a potion of heal wounds {unknown}
 t - 3 potions of curing {unknown}
Books
 k - a book of Conjurations

   Spells                             Type                      Level
   a - Magic Dart                     Conjuration                  1
   b - Searing Ray                    Conjuration                  2
   c - Dazzling Spray                 Conjuration/Hexes            3
   d - Fulminant Prism                Conjuration/Hexes            4
   e - Force Lance                    Conjuration/Translocation    4
   f - Iskenderun's Mystic Blast      Conjuration                  4
Comestibles
 f - 8 rations
 v - 2 chunks of flesh


   Skills:
 + Level 4.8 Fighting
 + Level 5.5 Long Blades
 + Level 5.5 Armour
 + Level 0.9 Dodging
 + Level 0.3 Stealth
 + Level 5.1 Shields


You had 5 spell levels left.
You didn't know any spells.

Dungeon Overview and Level Annotations

Branches:
Dungeon (5/15)
 Temple: D:4-7

Altars:
Makhleb
Trog


Innate Abilities, Weirdness & Mutations

You reflexively headbutt those who attack you in melee.
You have a pair of horns on your head.


Message History

v - 2 chunks of flesh You see here an adder skeleton.
You feel sick.
There is a stone staircase leading down here.
An ogre comes into view. It is wielding a giant club.
The ogre shouts!
The ogre moves out of view.
You feel sick.
You slash the ogre!
The ogre is moderately wounded.
The ogre hits you but does no damage.
Unknown command.
You hit the ogre.
The ogre is heavily wounded.
The ogre hits you with a giant club!
Unknown command.
You barely miss the ogre.
The ogre is heavily wounded.
You feel sick. The ogre hits you with a giant club!!
You die...

### # ..# .#
##...#.#
###.#.#..#
....[...#
#.#O#..#
#.@...#
##.#..#
#.#..# #>#..#
.#..##.#..#
........รท..#
#.#...###.##
#... #.# ....
#.#


You could see an ogre.

Vanquished Creatures
  An ogre (D:4)
  A scorpion (D:4)
  Jessica (D:2)
  Natasha (D:3)
  A worker ant (D:4)
  4 gnolls (D:4)
  9 adders
  6 worms
  A dart slug (D:2)
  2 leopard geckos (D:3)
  3 orcs
  A ball python (D:1)
  3 bats (D:2)
  5 giant cockroaches
  3 goblins
  9 hobgoblins
  5 jackals (D:1)
  A quokka (D:3)
  9 frilled lizards
  9 kobolds
  A quokka skeleton (D:4)
  10 rats
86 creatures vanquished.

Notes
Turn   | Place    | Note
-------+----------+-------------------------------------------
     0 | D:1      | Peloso the Minotaur Fighter began the quest for the Orb.
     0 | D:1      | Reached XP level 1. HP: 19/19 MP: 0/0
    51 | D:1      | Reached XP level 2. HP: 12/27 MP: 1/1
   559 | D:2      | Found a burning altar of Makhleb.
   634 | D:2      | Noticed Jessica
   641 | D:2      | Killed Jessica
   641 | D:2      | Reached XP level 3. HP: 33/33 MP: 2/2
   747 | D:2      | Reached XP level 4. HP: 19/40 MP: 3/3
  1577 | D:3      | Reached XP level 5. HP: 47/47 MP: 4/4
  1663 | D:3      | Noticed Natasha
  1664 | D:3      | Killed Natasha
  1675 | D:3      | Found a bloodstained altar of Trog.
  1681 | D:3      | Reached skill level 5 in Armour
  2209 | D:4      | Noticed an ogre
  2217 | D:4      | Killed an ogre
  2217 | D:4      | Reached skill level 5 in Shields
  2217 | D:4      | Reached XP level 6. HP: 53/53 MP: 5/5
  2227 | D:4      | Reached skill level 5 in Long Blades
  2442 | D:4      | You fall through a shaft!
  2442 | D:5      | Entered Level 5 of the Dungeon
  2479 | D:4      | Slain by an ogre

Skill      XL: |  1  2  3  4  5  6 |
---------------+-------------------+-----
Armour         | 4 5 |  5.5
Fighting       | 4 |  4.8
Shields        | 4 5 |  5.1
Long Blades    | 3 4 5 |  5.5
Dodging        | |  0.9
Stealth        | |  0.3

Action                   |  1- 3 |  4- 6 || total
-------------------------+-------+-------++-------
Melee: Long sword        |    68 |   144 ||   212
       Headbutt          |    13 |    23 ||    36
  Use: Potion            |       |     1 ||     1
  Eat: Chunk             |       |     5 ||     5
Armor: Scale mail        |    51 |    51 ||   102
Dodge: Dodged            |    25 |    40 ||    65
Block: Shield            |    47 |    45 ||    92
       Rpst.: Long sword |     6 |     5 ||    11
